 Dungeon Crawl Stone Soup version 0.24-a0-312-g16217b4 (webtiles) character file.

Game seed: 17135187320433815759

8904 mhoghedin the Grappler (level 10, 0/98 HPs)
             Began as a Demigod Transmuter on May 15, 2019.
             Slain by a seven-headed hydra (14 damage)
             ... on level 3 of the Lair of Beasts.
             The game lasted 00:29:43 (11285 turns).

mhoghedin the Grappler (Demigod Transmuter)        Turns: 11285, Time: 00:29:44

Health: 0/98       AC:  9    Str: 19    XL:     10   Next: 94%
Magic:  11/21      EV: 25    Int: 17    God:
Gold:   421        SH:  0    Dex: 21    Spells: 7/19 levels left

rFire    x . .     SeeInvis .     - Unarmed
rCold    + + +     Gourm    .   (shield currently unavailable)
rNeg     . . .     Faith    .   (armour currently unavailable)
rPois    +         Spirit   .   (helmet currently unavailable)
rElec    .         Reflect  .   (cloak currently unavailable)
rCorr    .         Harm     .   (gloves currently unavailable)
MR       +....                  (boots currently unavailable)
Stlth    +++.......             (no amulet)
HPRegen  0.26/turn              s - +3 ring of protection
MPRegen  0.17/turn              A - +6 ring of evasion

@: agile, lethally poisoned (0 -> 0), ice-form, very slightly contaminated
A: large, high mp 1
a: End Transformation


You were on level 3 of the Lair of Beasts.
You were hungry.
You were a creature of crystalline ice.
You visited 2 branches of the dungeon, and saw 11 of its levels.
You also visited: Sewer and Bailey.

You collected 421 gold pieces.

Inventory:

Hand Weapons
 a - the +6 short sword "Koigamp" (melded) {flame, Str+3 Int+7 SInv}
   (You found it on level 6 of the Dungeon)

   It has been specially enchanted to burn those struck by it, causing extra
   injury to most foes and up to half again as much damage against particularly
   susceptible opponents.
   It affects your strength (+3).
   It affects your intelligence (+7).
   It lets you see invisible.
Missiles
 c - 67 poisoned darts
 i - a throwing net {=f, !d}
 t - 5 curare-tipped darts
 w - 113 arrows
 B - 49 boomerangs (quivered)
Armour
 b - a +0 robe (melded)
 g - a +0 pair of gloves (melded)
   (You found it on level 1 of the Dungeon)
 k - the -4 helmet of Coronation {+Fly Regen+}
   (You acquired it on level 8 of the Dungeon)

   It lets you fly.
   It increases your rate of regeneration.
 q - a +0 helmet (melded)
   (You found it on level 7 of the Dungeon)
 v - a +0 pair of boots (melded)
   (You found it on level 6 of the Dungeon)
Jewellery
 o - a +2 ring of strength
   (You took it off an orc on level 5 of the Dungeon)
 s - a +3 ring of protection (left front paw)
   (You found it on level 4 of the Dungeon)
 A - a +6 ring of evasion (right front paw)
   (You took it off an orc on level 6 of the Dungeon)
Wands
 e - a wand of paralysis (7)
   (You found it on level 7 of the Dungeon)
 x - a wand of flame (20)
   (You found it on level 7 of the Dungeon)
 C - a wand of scattershot (3)
   (You found it on level 7 of the Dungeon)
Scrolls
 f - 3 scrolls of fog
 h - 2 scrolls of amnesia
 j - 6 scrolls of remove curse
 r - 2 scrolls of teleportation
 y - 2 scrolls of enchant armour
 D - a scroll of enchant weapon
 E - 3 scrolls of blinking {!r}
Potions
 m - 2 potions of might
 n - a potion of mutation {!q}
 p - 2 potions of brilliance
 u - a potion of magic
 z - 3 potions of curing
 F - a potion of agility
 I - a potion of experience {unknown}
Comestibles
 d - 10 rations
 G - 11 chunks of flesh {@w0}


   Skills:
 + Level 5.6 Fighting
 - Level 2.0 Throwing
 + Level 5.8 Dodging
 + Level 10.3 Unarmed Combat
 - Level 5.2 Spellcasting
 - Level 8.0 Transmutations


You had 7 spell levels left.
You knew the following spells:

 Your Spells              Type           Power        Failure   Level  Hunger
a - Beastly Appendage     Tmut           ####..       1%          1    None
b - Ice Form              Ice/Tmut       ###.....     26%         4    ####...
s - Sticks to Snakes      Tmut           ####....     1%          2    #......
x - Blade Hands           Tmut           ####......   14%         5    ######.

Your spell library contained the following spells:

 Spells                   Type           Power        Failure   Level  Hunger
 Spider Form              Tmut/Pois      ###.......   9%          3    ###....
 Summon Butterflies       Summ           #.......     14%         1    None
 Summon Small Mammal      Summ           #...         14%         1    None
 Throw Icicle             Conj/Ice       #.......     80%         4    ####...
 Bolt of Cold             Conj/Ice       #.........   100%        6    #######


Dungeon Overview and Level Annotations

Branches:
Dungeon (8/15)             Temple (0/1) D:7            Lair (2/6) D:8
 Shoals (0/4) Lair:3
  Snake: Lair:2-4    Spider: Lair:2-4

Shops:
D:6 =

Annotations:
Lair:3 3 runed translucent doors, nht's ghost, journeyman MiHu


Innate Abilities, Weirdness & Mutations

You have an increased reservoir of magic. (+10% MP)


Message History

Your slash misses the water moccasin. The water moccasin bites you.
You are poisoned.
The water moccasin poisons you!
You take 2 damage, and have 79/81 hp.
You slash the water moccasin!
You kill the water moccasin!
You feel sick.
You feel sick.
You take 1 damage, and have 78/82 hp.
You feel sick.
Something bites the fungus!
Found a stone staircase leading down.
You take 1 damage, and have 77/82 hp.
You feel sick.
The basilisk bites the fungus!
You take 1 damage, and have 76/82 hp.
You feel sick.
Something bites the fungus!!
The fungus is destroyed!
You feel sick.
Nht's ghost turns its malevolent gaze towards you.
The polar bear growls angrily.
The five-headed hydra roars!
You hear a croak.
You take 1 damage, and have 75/82 hp.
Your transformation is almost over.
You feel sick.
You take 1 damage, and have 74/82 hp.
A water moccasin comes into view.
You feel sick.
The bullfrog gives a loud, deep croak!
You feel sick.
You take 1 damage, and have 73/82 hp.
You feel sick.
You take 1 damage, and have 72/82 hp.
You feel sick.
Aim: a seven-headed hydra (chance to defeat MR: 15%)
Okay, then.
Unknown command.
Aim: a seven-headed hydra The mass of ice explodes!
The iceblast engulfs the seven-headed hydra!
You hear an angry hiss.
You hear a howl!
Aim: a seven-headed hydra (lightly wounded)
The mass of ice explodes!
The iceblast engulfs the seven-headed hydra!
The now-empty wand crumbles to dust.
You hear a roar!
You hear an angry hiss.
Your hands revert to their normal proportions.
The +6 short sword "Koigamp" {flame, Str+3 Int+7 SInv} unmelds from your body.
Your +0 pair of gloves unmelds from your body.
The +6 short sword "Koigamp" {flame, Str+3 Int+7 SInv} bursts into flame!
You feel sick.
You take 1 damage, and have 71/82 hp.
You feel agile all of a sudden.
Okay, then.
Unknown command.
Unknown command.
You miscast Ice Form.
You are very lightly contaminated with residual magic.
Nothing appears to happen.
You are feeling hungry.
You feel sick.
The seven-headed hydra closely misses you.
The seven-headed hydra bites you.
The seven-headed hydra completely misses you.
The seven-headed hydra misses you. x2; The seven-headed hydra bites you!
The seven-headed hydra barely misses you.
You take 12 damage, and have 60/82 hp.
You now have 15/21 mp.
Unknown command.
You don't know that spell.
You turn into a creature of crystalline ice.
The +6 short sword "Koigamp" {flame, Str+3 Int+7 SInv} melds into your body.
Your +0 helmet melds into your body.
Your +0 pair of gloves melds into your body.
Your +0 pair of boots melds into your body.
Your +0 robe melds into your body.
The +6 short sword "Koigamp" {flame, Str+3 Int+7 SInv} stops flaming.
The seven-headed hydra bites you but does no damage.
The seven-headed hydra closely misses you.
The seven-headed hydra bites you but does no damage.
The seven-headed hydra bites you!
The seven-headed hydra completely misses you.
The seven-headed hydra misses you.
The seven-headed hydra bites you but does no damage.
You now have 60/98 hp.
You pummel the seven-headed hydra!! You freeze the seven-headed hydra!
You punch the seven-headed hydra! You freeze the seven-headed hydra.
The seven-headed hydra misses you. x2; The seven-headed hydra bites you!
The seven-headed hydra misses you. x2
The seven-headed hydra closely misses you.
The seven-headed hydra bites you!
You take 29 damage, and have 31/98 hp.
MASSIVE DAMAGE!!
You hit the seven-headed hydra.
The seven-headed hydra seems to slow down.
You freeze the seven-headed hydra.
You feel sick.
The seven-headed hydra closely misses you.
The seven-headed hydra misses you. The seven-headed hydra bites you.
* * * LOW HITPOINT WARNING * * *
The seven-headed hydra bites you!
* * * LOW HITPOINT WARNING * * *
The seven-headed hydra bites you.
* * * LOW HITPOINT WARNING * * *
The seven-headed hydra misses you. The seven-headed hydra bites you!
You die...

#......(#.P ..........
.......... .........
.....≈..≈ ##...≈≈≈≈≈
#...≈≈≈≈≈≈ #######
#Y≈≈≈≈≈≈≈ .
#.S....##D≈≈≈≈≈..
..###....##...≈≈≈≈>≈
...P..........≈≈≈.≈≈≈
.........##...≈≈≈≈≈≈≈≈
....P.+#.##...≈≈≈≈≈≈≈≈
...P....###.....≈≈≈≈≈≈
#+++###..###....≈.≈...
...F. #.......#.#...P#


You could see a seven-headed hydra.

Vanquished Creatures
  An orc warlord (Bailey)
  Pikel (D:5)
  2 spiny frogs (Lair:1)
  Prince Ribbit (D:5)
  2 hippogriffs
  4 yaks (Lair:2)
  Menkaure (D:5)
  3 porcupines
  2 water moccasins
  Purgy (D:4)
  3 orc warriors (Bailey)
  2 slaves
  5 ice beasts
  A phantom (D:4)
  A black bear (D:7)
  7 ogres
  2 centaurs
  3 crocodiles
  6 big kobolds
  7 bullfrogs
  4 scorpions
  A water moccasin skeleton (D:8)
  3 killer bees (D:7)
  4 wights (D:7)
  2 bullfrog zombies (D:5)
  2 crimson imps
  7 hounds
  2 orc priests
  A jelly (D:7)
  2 orc wizards
  2 bullfrog skeletons
  A centaur skeleton (D:4)
  2 iguanas
  Ijyb (D:3)
  4 worker ants
  2 killer bee zombies
  2 hound zombies
  A hound skeleton (D:7)
  Robin (D:2)
  A worker ant zombie (D:5)
  11 adders
  11 gnolls
  2 river rats
  3 shadow imps
  4 oozes (Sewer)
  7 worms
  2 dart slugs (D:1)
  4 leopard geckos
  28 orcs
  8 ball pythons
  4 giant cockroaches
  24 goblins
  12 hobgoblins
  9 jackals
  35 kobolds
  5 quokkas
  7 bats
  6 frilled lizards
  A leopard gecko zombie (D:6)
  A quokka skeleton (D:6)
  14 rats
298 creatures vanquished.

Vanquished Creatures (collateral kills)
  Grinder (D:4)
  A hippogriff (Lair:2)
  2 gnolls (D:4)
  A giant cockroach (D:4)
  A hobgoblin (D:3)
6 creatures vanquished.

Vanquished Creatures (others)
  5 fungi
5 creatures vanquished.

Grand Total: 309 creatures vanquished

Notes
Turn   | Place    | Note
-------+----------+-------------------------------------------
     0 | D:1      | mhoghedin the Demigod Transmuter began the quest for the
                  | Orb.
     0 | D:1      | Reached XP level 1. HP: 15/15 MP: 5/5
   204 | D:1      | Reached skill level 3 in Unarmed Combat
   562 | D:1      | Reached XP level 2. HP: 12/22 MP: 7/7
  1071 | D:1      | Reached skill level 1 in Throwing
  1290 | D:1      | Reached XP level 3. HP: 24/27 MP: 8/8
  1668 | D:2      | Learned a level 2 spell: Sticks to Snakes
  1812 | D:2      | HP: 4/27 [hound (4)]
  1819 | D:2      | Reached skill level 4 in Unarmed Combat
  1832 | D:2      | HP: 5/27 [worm (9)]
  1864 | D:2      | Reached XP level 4. HP: 10/34 MP: 9/9
  1865 | D:2      | HP: 8/34 [jackal (2)]
  2398 | D:2      | Noticed Robin
  2408 | D:2      | Killed Robin
  2408 | D:2      | Reached skill level 2 in Throwing
  2882 | D:2      | Reached XP level 5. HP: 36/39 MP: 7/10
  3066 | D:2      | Reached skill level 5 in Unarmed Combat
  3326 | D:2      | Found a shimmering altar of Xom.
  3414 | D:3      | Noticed Ijyb
  3430 | D:3      | Killed Ijyb
  3780 | D:3      | Found a faded altar of an unknown god.
  4258 | D:4      | Noticed a phantom
  4262 | D:4      | Noticed Grinder
  4294 | D:4      | Paralysed by Grinder for 2 turns
  4302 | D:4      | Killed Grinder
  4302 | D:4      | Reached skill level 6 in Unarmed Combat
  4302 | D:4      | Reached XP level 6. HP: 46/46 MP: 2/11
  4344 | D:4      | Reached skill level 7 in Unarmed Combat
  4539 | D:4      | Reached XP level 7. HP: 37/51 MP: 10/12
  4623 | D:4      | Noticed Purgy
  4635 | D:4      | Killed Purgy
  4824 | D:5      | Entered Level 5 of the Dungeon
  4906 | D:5      | Reached skill level 8 in Unarmed Combat
  5083 | D:5      | Got a warped cloak
  5089 | D:5      | Identified the -5 cloak of the Sea {Str+4} (You found it on
                  | level 5 of the Dungeon)
  5152 | D:5      | Noticed Menkaure
  5155 | D:5      | Killed Menkaure
  5280 | D:5      | Reached skill level 9 in Unarmed Combat
  5537 | D:5      | Noticed Prince Ribbit
  5550 | D:5      | HP: 2/51 [Prince Ribbit (20)]
  5566 | D:5      | HP: 10/51 [Prince Ribbit (5)]
  5572 | D:5      | Killed Prince Ribbit
  5572 | D:5      | Reached XP level 8. HP: 17/58 MP: 7/13
  6002 | D:5      | HP: 14/58 [gnoll/+0 spear of freezing (6)]
  6313 | D:5      | Reached skill level 10 in Unarmed Combat
  6363 | D:5      | Reached skill level 2 in Transmutations
  6506 | D:4      | Learned a level 5 spell: Blade Hands
  6638 | D:5      | Reached skill level 3 in Transmutations
  7050 | D:5      | Noticed Pikel
  7066 | D:5      | Killed Pikel
  7066 | D:5      | Reached skill level 5 in Transmutations
  7338 | D:6      | Reached XP level 9. HP: 54/63 MP: 12/14
  7389 | D:6      | Reached skill level 6 in Transmutations
  7451 | D:6      | Identified the +6 short sword "Koigamp" {flame, Str+3 Int+7
                  | SInv} (You found it on level 6 of the Dungeon)
  7470 | D:6      | Found a glowing drain.
  7499 | Sewer    | Entered a sewer
  7610 | Sewer    | Reached skill level 7 in Transmutations
  8076 | D:6      | Reached skill level 8 in Transmutations
  8444 | D:6      | Found Kuibu's Jewellery Emporium.
  8513 | D:6      | Identified Sif Muna's Reference Book on Calling and Cold
  8523 | D:6      | Reached skill level 2 in Spellcasting
  8532 | D:6      | Learned a level 4 spell: Ice Form
  8746 | D:7      | Found an iron altar of Okawaru.
  8746 | D:7      | Found a sacrificial altar of Ru.
  8746 | D:7      | Found a bloodstained altar of Trog.
  8777 | D:7      | Found a staircase to the Ecumenical Temple.
  8802 | D:7      | Reached skill level 3 in Spellcasting
  8953 | D:7      | Reached skill level 4 in Spellcasting
  9083 | D:7      | Reached skill level 5 in Spellcasting
  9160 | D:7      | Reached skill level 1 in Fighting
  9160 | D:7      | Reached XP level 10. HP: 68/71 MP: 15/21
  9166 | D:7      | Reached skill level 2 in Dodging
  9585 | D:8      | Reached skill level 2 in Fighting
  9598 | D:8      | Found a flagged portal.
  9607 | Bailey   | Entered a bailey
  9613 | Bailey   | Noticed an orc warlord
  9770 | Bailey   | Found a runed translucent gate.
  9770 | Bailey   | Found a runed translucent gate.
  9770 | Bailey   | Found a runed translucent gate.
  9825 | Bailey   | Reached skill level 3 in Dodging
  9888 | Bailey   | Killed an orc warlord
  9888 | Bailey   | Reached skill level 4 in Fighting
  9888 | Bailey   | Reached skill level 4 in Dodging
 10125 | D:8      | Identified a scroll of acquirement
 10129 | D:8      | Got a distressingly furry helmet
 10140 | D:8      | Identified the -4 helmet of Coronation {+Fly Regen+} (You
                  | acquired it on level 8 of the Dungeon)
 10184 | D:8      | Noticed a death yak
 10184 | D:8      | Noticed a death yak
 10185 | D:8      | Noticed a death yak
 10193 | D:8      | Noticed a death yak
 10194 | D:8      | Noticed a death yak
 10201 | D:8      | HP: 18/79 [death yak (10)]
 10316 | D:8      | Found a staircase to the Lair.
 10341 | Lair:1   | Entered Level 1 of the Lair of Beasts
 10428 | Lair:1   | Reached skill level 5 in Dodging
 10543 | Lair:1   | Reached skill level 5 in Fighting
 11252 | Lair:2   | You fall through a shaft!
 11252 | Lair:3   | Found a staircase to the Shoals.
 11260 | Lair:3   | Noticed a seven-headed hydra
 11267 | Lair:3   | Noticed a five-headed hydra
 11268 | Lair:3   | Noticed nht's ghost (journeyman MiHu)
 11270 | Lair:3   | Found a runed translucent gate.
 11270 | Lair:3   | Found a runed translucent gate.
 11270 | Lair:3   | Found a runed translucent gate.
 11270 | Lair:3   | Noticed an eight-headed hydra
 11285 | Lair:3   | HP: 17/98 [seven-headed hydra (11)]
 11285 | Lair:3   | Slain by a seven-headed hydra

Levels and vault maps discovered:
D:1:      dpeg_arrival_more_subterranean_lakeside_camping, layout_basic,
          serial_glass, glass_columns_a, glass_columns_b, item_on_display_a,
          due_unseen_surprise, item_on_display_a, minmay_strange_pillars
D:2:      layout_loops_ring, tgw_xom, uniq_robin
D:3:      layout_basic, chequers_ecumenical_altar_simple, item_on_display_a,
          uniq_ijyb
D:4:      layout_cave_pools, uniq_grinder, uniq_purgy
D:5:      layout_loops_corners, first_ration, serial_rivers,
          chequers_serial_rivers_micro_d, chequers_serial_rivers_micro_b,
          chequers_serial_rivers_small_b, chequers_serial_rivers_small_a,
          chequers_serial_rivers_room_b, kennysheep_opposing_triangles,
          uniq_menkaure, uniq_pikel, uniq_prince_ribbit1
D:6:      layout_basic, serial_curves, eino_curves_01, eino_curves_04,
          serial_shops, kennysheep_mini, portal_sewer_entry_a
D:7:      layout_cave_pods, gammafunk_temple_overflow_forgotten,
          minmay_temple_entry_mist
D:8:      layout_basic, dpeg_lair_monsters, enter_bailey_3,
          hangedman_pestilent_swarm
Lair:1:   layout_roguey
Lair:2:   layout_loops_ring, minmay_snake_entry_guardpost_medium, serial_rivers,
          chequers_serial_rivers_large_b, chequers_serial_rivers_micro_b,
          chequers_serial_rivers_small_3, chequers_serial_rivers_micro_b,
          chequers_serial_rivers_micro_c, small_statue_intersection,
          fungi_pond_lemuel, beast_lair_carwin_6, serial_bayou_shore_b
Lair:3:   layout_regular_city, shoals_dummy_entry, gammafunk_ghost_split,
          infiniplex_staircase_pool_2, grunt_megastairs_2

Skill      XL: |  1  2  3  4  5  6  7  8  9 10 |
---------------+-------------------------------+-----
Unarmed Combat | 3 4 6 7 9 10 | 10.3
Throwing       | 1 2 |  2.0
Transmutations | 5 8 |  8.0
Spellcasting   | 5 |  5.2
Fighting       | 1 5 |  5.6
Dodging        | 5 |  5.8

Action                   |  1- 3 |  4- 6 |  7- 9 | 10-12 || total
-------------------------+-------+-------+-------+-------++-------
Melee: Unarmed           |    24 |    49 |   298 |   132 ||   503
       Club              |    17 |       |       |       ||    17
       Kick              |     6 |     9 |    13 |       ||    28
       Headbutt          |     6 |     8 |    18 |       ||    32
       Punch             |     1 |     5 |    14 |     6 ||    26
       Dagger            |    86 |   131 |       |       ||   217
       Short sword       |       |       |    11 |    14 ||    25
Throw: Dart              |    36 |       |    18 |    27 ||    81
       Boomerang         |       |       |       |     6 ||     6
 Cast: Beastly Appendage |     8 |    15 |    27 |       ||    50
       Sticks to Snakes  |       |    10 |     9 |     3 ||    22
       Blade Hands       |       |       |    25 |    19 ||    44
       Ice Form          |       |       |       |     5 ||     5
Evoke: Wand              |       |     1 |    11 |     3 ||    15
  Use: Scroll            |     5 |     3 |     8 |     5 ||    21
       Potion            |     1 |     1 |     4 |     3 ||     9
 Stab: Sleeping          |     3 |     3 |     1 |     2 ||     9
       Distracted        |       |       |     1 |       ||     1
  Eat: Chunk             |     3 |     7 |    15 |     8 ||    33
       Ration            |       |     1 |     3 |     2 ||     6
Armor: Robe              |    28 |    27 |    68 |    25 ||   148
       Skin              |       |    13 |       |     7 ||    20
Dodge: Dodged            |    90 |    79 |   169 |   187 ||   525

Table legend:
 A = Non-vault XP
 B = Vault XP
 C = Vault XP percentage of total XP
 D = Non-vault monster count
 E = Vault monster count
 F = Vault count percentage of total count
                 A         B        C        D         E       F
            +---------+---------+-------+---------+---------+-------
      Total |    8328 |    4393 |  34.5 |     216 |      86 |  28.5
            +---------+---------+-------+---------+---------+-------
        D:1 |      53 |       0 |   0.0 |      32 |       0 |   0.0
        D:2 |     167 |      49 |  22.7 |      33 |      12 |  26.7
        D:3 |      40 |      29 |  42.0 |      14 |       1 |   6.7
        D:4 |     369 |     405 |  52.3 |      13 |       2 |  13.3
        D:5 |     805 |    1207 |  60.0 |      35 |       6 |  14.6
        D:6 |    1061 |      22 |   2.0 |      21 |       6 |  22.2
        D:7 |    2059 |       0 |   0.0 |      41 |       0 |   0.0
        D:8 |     532 |       8 |   1.5 |       9 |       4 |  30.8
     Lair:1 |    1699 |       0 |   0.0 |       8 |       0 |   0.0
     Lair:2 |    1380 |       0 |   0.0 |       9 |       0 |   0.0
     Lair:3 |     163 |       0 |   0.0 |       1 |       0 |   0.0
      Sewer |       0 |     583 | 100.0 |       0 |      28 | 100.0
     Bailey |       0 |    2090 | 100.0 |       0 |      27 | 100.0
            +---------+---------+-------+---------+---------+-------

Levels and vault maps discovered:
D:1:      dpeg_arrival_more_subterranean_lakeside_camping, layout_basic,
          serial_glass, glass_columns_a, glass_columns_b, item_on_display_a,
          due_unseen_surprise, item_on_display_a, minmay_strange_pillars
D:2:      layout_loops_ring, tgw_xom, uniq_robin
D:3:      layout_basic, chequers_ecumenical_altar_simple, item_on_display_a,
          uniq_ijyb
D:4:      layout_cave_pools, uniq_grinder, uniq_purgy
D:5:      layout_loops_corners, first_ration, serial_rivers,
          chequers_serial_rivers_micro_d, chequers_serial_rivers_micro_b,
          chequers_serial_rivers_small_b, chequers_serial_rivers_small_a,
          chequers_serial_rivers_room_b, kennysheep_opposing_triangles,
          uniq_menkaure, uniq_pikel, uniq_prince_ribbit1
D:6:      layout_basic, serial_curves, eino_curves_01, eino_curves_04,
          serial_shops, kennysheep_mini, portal_sewer_entry_a
D:7:      layout_cave_pods, gammafunk_temple_overflow_forgotten,
          minmay_temple_entry_mist
D:8:      layout_basic, dpeg_lair_monsters, enter_bailey_3,
          hangedman_pestilent_swarm
Lair:1:   layout_roguey
Lair:2:   layout_loops_ring, minmay_snake_entry_guardpost_medium, serial_rivers,
          chequers_serial_rivers_large_b, chequers_serial_rivers_micro_b,
          chequers_serial_rivers_small_3, chequers_serial_rivers_micro_b,
          chequers_serial_rivers_micro_c, small_statue_intersection,
          fungi_pond_lemuel, beast_lair_carwin_6, serial_bayou_shore_b
Lair:3:   layout_regular_city, shoals_dummy_entry, gammafunk_ghost_split,
          infiniplex_staircase_pool_2, grunt_megastairs_2

Table legend:
 A = Turns spent in this place as a percentage of turns spent in the entire game.
 B = Non-inter-level travel turns spent in this place as a percentage of non-inter-level travel turns spent in the entire game.
 C = Inter-level travel turns spent in this place as a percentage of turns spent in this place.
 D = Turns resting spent in this place as a percentage of non-inter-level travel turns spent in this place.
 E = Turns spent auto-exploring this place as a percentage of non-inter-level travel turns spent in this place.
 F = Non-inter-level travel turns spent in this place divided by the number of levels of this place that you've seen.
                   A       B       C       D       E      F
               +-------+-------+-------+-------+-------+----------------------
         Total | 100.0 | 100.0 |   2.7 |  27.3 |  47.4 | 844.4
       Dungeon |  82.5 |  82.1 |   3.2 |  31.7 |  45.3 | 1126.4
          Lair |   8.4 |   8.5 |   1.5 |  12.7 |  69.7 | 310.0
         Sewer |   4.6 |   4.7 |   0.0 |   0.0 |  67.2 | 521.0
        Bailey |   4.6 |   4.7 |   0.0 |   4.5 |  22.5 | 515.0
               +-------+-------+-------+-------+-------+----------------------

Table legend:
 A = Kills in this place as a percentage of kills in entire the game.
 B = Kills by you in this place as a percentage of kills by you in the entire game.
 C = Kills by friends in this place as a percentage of kills by friends in the entire game.
 D = Other kills in this place as a percentage of other kills in the entire game.
 E = Experience gained in this place as a percentage of experience gained in the entire game.
 F = Experience gained in this place divided by the number of levels of this place that you have seen.
                   A       B       C       D       E      F
               +-------+-------+-------+-------+-------+----------------------
         Total | 100.0 | 100.0 | 100.0 |   N/A | 100.0 | 978.5
       Dungeon |  75.8 |  75.7 |  83.3 |   N/A |  53.5 | 850.8
          Lair |   6.0 |   5.7 |  16.7 |   N/A |  25.5 | 1080.7
         Sewer |   9.3 |   9.5 |   0.0 |   N/A |   4.6 | 583.0
        Bailey |   8.9 |   9.1 |   0.0 |   N/A |  16.4 | 2090.0
               +-------+-------+-------+-------+-------+----------------------
